 Dungeon Crawl Stone Soup version 0.20.0-10-g0535bb4 (webtiles) character file.

753494 4thArraOfDagon the Executioner (level 26, -8/266 HPs)
             Began as a Deep Dwarf Monk on June 3, 2017.
             Was the Champion of Makhleb.
             Mangled by Cerebov
             ... wielding the +6 sword of Cerebov {flame}
              (28 damage)
             ... in Pandemonium on June 4, 2017.
             The game lasted 04:00:46 (25577 turns).

4thArraOfDagon the Executioner (Deep Dwarf Monk)   Turns: 25577, Time: 04:00:47

Health: -8/266     AC: 43    Str: 44    XL:     26   Next: 72%
Magic:  21/21      EV: 21    Int: 17    God:    Makhleb [******]
Gold:   1780       SH:  0    Dex: 27    Spells: 21/50 levels left

rFire    + + .     SeeInvis +   j - +7 executioner's axe (vamp)
rCold    + . .     Gourm    .   (shield currently unavailable)
rNeg     + + +     Faith    +   I - +11 gold dragon scales
rPois    +         Spirit   .   T - +2 helmet of the Sea {-Cast rPois rN++ Str+4}
rElec    +         Reflect  .   p - scarf {repulsion}
rCorr    +         Harm     .   O - +0 pair of gloves of Brilliance {MR+ Int+4 Dex+2}
MR       ++++.     Rnd*Rage +   a - +2 pair of boots {Fly} Stlth ..........NoCast +
                                K - amulet of Yesterday {Faith Str+6 Slay+3}
Regen    0.0/turn               h - ring "Nuotiazi" {rPois rF+ rC- Dex+3 Stlth+}
MPRegen  0.2/turn               i - ring "Acukail" {rF+ Dex+3 SInv Stlth+}

@: mighty, resistant, fire vulnerable, berserk cooldown, non-regenerating,
hasted and slowed, repel missiles
A: damage resistance, heal wounds, claws 1, agile 2, berserk 2, negative energy
resistance 1, sense surroundings 3, screaming 1, strong 2, evolution 1, no
regeneration
}: 9/15 runes: decaying, slimy, silver, golden, abyssal, magical, fiery, dark,
gossamer
a: Heal Wounds, Minor Destruction, Lesser Servant of Makhleb, Major Destruction,
Greater Servant of Makhleb, Renounce Religion, Evoke Flight


You were in Pandemonium.
You worshipped Makhleb.
Makhleb was exalted by your worship.
You were not hungry.

You visited 12 branches of the dungeon, and saw 56 of its levels.
You visited Pandemonium 9 times, and saw 25 of its levels.
You visited the Abyss 6 times.
You visited 1 bazaar.
You visited 1 ziggurat, and saw 7 of its levels.
You also visited: Ice Cave and Volcano.

You collected 3749 gold pieces.
You spent 1969 gold pieces at shops.

Inventory:

Hand Weapons
 j - a +7 vampiric executioner's axe (weapon)
 Y - the +7 battleaxe of Subjectivity {drain, +Inv rElec MR++ Int-5}
   (You found it on level 3 of the Elven Halls)

   A truly terrible weapon, it drains the life of those it strikes.
   It affects your intelligence (-5).
   It insulates you from electricity.
   It affects your resistance to hostile enchantments.
   It lets you turn invisible.
Armour
 a - a +2 pair of boots of flying (worn)
 p - a scarf of repulsion (worn)
 E - a +2 helmet of see invisible
 I - +11 gold dragon scales (worn)
 O - the +0 pair of gloves of Brilliance (worn) {MR+ Int+4 Dex+2}
   (You acquired it on level 4 of the Vaults)

   It affects your intelligence (+4).
   It affects your dexterity (+2).
   It affects your resistance to hostile enchantments.
 S - the +12 chain mail of Kofeq {rPois rCorr SInv}
   (You found it on level 5 of the Pits of Slime)

   It protects you from poison.
   It lets you see invisible.
   It protects you from acid and corrosion.
 T - the +2 helmet of the Sea (worn) {-Cast rPois rN++ Str+4}
   (You found it on level 3 of the Crypt)

   It affects your strength (+4).
   It protects you from poison.
   It greatly protects you from negative energy.
   It prevents spellcasting.
Jewellery
 h - the ring "Nuotiazi" (left hand) {rPois rF+ rC- Dex+3 Stlth+}
   (You took it off a vault guard on level 5 of the Vaults)

   [ring of dexterity]

   It affects your dexterity (+3).
   It protects you from fire.
   It makes you vulnerable to cold.
   It protects you from poison.
   It makes you more stealthy.
 i - the ring "Acukail" (right hand) {rF+ Dex+3 SInv Stlth+}
   (You found it in Pandemonium)

   [ring of protection from fire]

   It affects your dexterity (+3).
   It protects you from fire.
   It lets you see invisible.
   It makes you more stealthy.
 l - the ring of Shadows {Umbra +Inv Stlth+}
   (You found it on level 5 of the Pits of Slime)

   [ring of stealth]

   It lets you turn invisible.
   It makes you more stealthy.
 u - the amulet of Dotutie {Harm *Drain *Slow rElec rC++ MR+, unknown}
   (You took it off an efreet in Pandemonium)

   [amulet of harm]

   It increases damage dealt and taken.
   It greatly protects you from cold.
   It insulates you from electricity.
   It affects your resistance to hostile enchantments.
   It causes draining when unequipped.
   It may slow you when you take damage.
 y - the ring of Weskym {rC++ MP+9 Int-3}
   (You found it on level 2 of the Depths)

   [ring of magical power]

   It affects your intelligence (-3).
   It greatly protects you from cold.
   It affects your magic capacity (+9).
 B - the amulet of Foolhardiness {+Rage rC- Str+6 Dex+6}
   (You found it on level 1 of the Abyss)

   [amulet of rage]

   It affects your strength (+6).
   It affects your dexterity (+6).
   It makes you vulnerable to cold.
   It lets you go berserk.
 J - an uncursed ring of positive energy
 K - the amulet of Yesterday (around neck) {Faith Str+6 Slay+3}
   (You found it in Pandemonium)

   [amulet of faith]

   It allows you to gain divine favour quickly.
   It affects your strength (+6).
   It affects your accuracy and damage with ranged weapons and melee attacks
   (+3).
 P - the ring of the Mage {Wiz MR++ Int+3}
   (You found it on level 4 of a ziggurat)

   [ring of wizardry]

   It improves your spell success rate.
   It affects your intelligence (+3).
   It affects your resistance to hostile enchantments.
 V - the ring "Devil" {rC+ SInv Stlth+}
   (You took it off a balrug in Pandemonium)

   [ring of see invisible]

   It protects you from cold.
   It lets you see invisible.
   It makes you more stealthy.
 W - the amulet "Doam" {Gourm rF+ MP+9}
   (You found it on level 3 of the Elven Halls)

   [amulet of the gourmand]

   It allows you to eat raw meat even when not hungry.
   It protects you from fire.
   It affects your magic capacity (+9).
Wands
 n - a wand of paralysis (22/24)
 s - a wand of digging (6/24)
 A - a wand of acid (8/15)
 Q - a wand of iceblast (9/15)
Scrolls
 b - 5 scrolls of recharging
 d - 4 scrolls of fog
 f - 2 scrolls of blinking
 k - a scroll of magic mapping
 o - a scroll of teleportation
 t - 2 scrolls of fear
 H - 2 scrolls of summoning
 N - 8 scrolls of remove curse
Potions
 g - 4 potions of curing
 q - 2 potions of mutation
 r - 5 potions of ambrosia
 w - 3 potions of agility
 x - 2 potions of magic
 z - 2 potions of haste
 D - a potion of might
 G - 5 potions of invisibility
 L - 4 potions of brilliance
 M - 3 potions of cancellation
 R - 2 potions of resistance
Miscellaneous
 e - 4 sacks of spiders
 m - 6 boxes of beasts
 C - a phial of floods
 U - a lamp of fire
 X - a lightning rod (4/4)
 Z - 4 phantom mirrors
Comestibles
 c - 23 bread rations
 F - 9 meat rations


   Skills:
 - Level 21.0 Fighting
 - Level 26.1 Axes
 - Level 20.2 Armour
 - Level 14.0 Dodging
 - Level 2.4 Stealth
 * Level 12.6 Spellcasting
 - Level 5.9 Hexes
 - Level 15.5 Translocations
 - Level 5.1 Air Magic
 - Level 14.5 Invocations
 - Level 11.2 Evocations


You had 21 spell levels left.
You knew the following spells:

 Your Spells              Type           Power        Failure   Level  Hunger
a - Silence               Hex/Air        ####......   65%         5    ####...
b - Blink                 Tloc           N/A          1%          2    None
c - Apportation           Tloc           ######       1%          1    None
d - Lee's Rapid Deconstr  Erth           ##........   100%        5    ####...
e - Passage of Golubria   Tloc           N/A          1%          4    ##.....
f - Passwall              Tmut/Erth      ##........   43%         2    None
g - Swiftness             Chrm/Air       ###.....     17%         2    None
h - Controlled Blink      Tloc           N/A          98%         8    #######


Dungeon Overview and Level Annotations

Branches:
Dungeon (15/15)            Temple (1/1) D:6            Lair (6/6) D:8
  Swamp (4/4) Lair:3       Spider (4/4) Lair:3        Slime (5/5) Lair:5
    Orc (2/2) D:10            Elf (3/3) Orc:2        Vaults (5/5) D:14
  Crypt (3/3) Vaults:3       Tomb (3/3) Crypt:3      Depths (5/5) D:15
    Zot (0/5) Depths:5

Altars:
Ashenzari
Cheibriados
Dithmenos
Elyvilon
Gozag
Hepliaklqana
Kikubaaqudgha
Makhleb
Qazlal
Sif Muna
Uskayaw
Vehumet
Xom
Yredelemnul
Zin
The Shining One
Beogh
Jiyva
Lugonu

Shops:
D:5 *%([   D:10 *   D:15 *%(   Orc:2 [(*   Elf:2 (   Elf:3 **=[   Vaults:3 [

Portals:
Hell: Depths:5
Abyss: Depths:1 Depths:2
Pandemonium: Depths:3 Depths:5

Annotations:
Lair:1 exclusion: oklob plant
Elf:1 exclusion: Roxanne, Roxanne
Tomb:2 Frederick
Tomb:3 Khufu
Pan Cerebov


Innate Abilities, Weirdness & Mutations

You are resistant to damage.
You can heal yourself by infusing magical energy.
You resist negative energy. (rN+)
You passively map a large area around you.
You do not regenerate.
You have sharp fingernails.
You are very agile. (Dex +4)
You often lose your temper in combat.
You occasionally shout uncontrollably at your foes.
Your muscles are very strong. (Str +4)
You evolve.


Message History

You slice Cerebov!!
Cerebov is moderately wounded.
You slice the efreet!!
You kill the efreet!
Makhleb accepts your kill.
Cerebov hits you with a great serpentine sword {flame}!!
* * * LOW HITPOINT WARNING * * *
Cerebov burns you.
Unknown command.
Unknown command.
You feel much better. Cerebov gestures at you. The iron shot misses you.
Unknown command.
You feel much better. Cerebov gestures at you. The iron shot hits you!
* * * LOW HITPOINT WARNING * * *
Cerebov hits you with a great serpentine sword {flame}!!
You die...

, * * , ,*
,.....###........#
, ,,
......###...§...#**
,, ** * * ,#.....#
#..R....... , , ,
#.#...###..........
, * *# ,#..
..##....####### * *
* #.,#.# #.##1..##
,,* , *#..#.#
#.#&..##+ * ,, ,
#.#.###3....#, * ,,
* , #...@#)#....# *
, ,
.###...)&##....# ,
, , ,,*
.......)..#§...# ,
, ,*
###......#.2...#
,,, ,
*#.......#.2..# ,,
, #........##...# ,
, ,,
#.........##..#, ,
, , ,* #..........
.#.#,, ,, *
#..........#.#.# ,


You could see Cerebov, a reaper and a green death.

Vanquished Creatures
  the Royal Jelly (Slime:5)
  Gloorx Vloq (Pan)
  Lom Lobon (Pan)
  An orb of fire (Zig:3)
  Mennas (Depths:3)
  4 ancient liches
  2 juggernauts
  2 greater mummies (Tomb:1)
  the Lernaean hydra (Swamp:4)
  Margery (Depths:4)
  2 caustic shrikes
  Saint Roka (Orc:2)
  2 pandemonium lords (Pan)
  A Killer Klown (Depths:5)
  2 golden dragons
  Jory (Crypt:3)
  A Brimstone Fiend (Pan)
  A hellephant (Abyss:1)
  2 Tzitzimimeh (Pan)
  2 iron giants (Zig:6)
  2 Hell Sentinels (Pan)
  9 liches
  4 tentacled monstrosities
  4 titans
  22 acid blobs
  A deep elf master archer (Elf:3)
  3 Ice Fiends (Pan)
  20 Executioners
  13 sphinxes
  A tentacled starspawn (Abyss:1)
  A thorn hunter (Swamp:4)
  5 shadow dragons
  4 storm dragons
  4 tengu reavers
  Donald (Vaults:1)
  3 warmongers (Pan)
  5 fire giants
  4 azure jellies (Slime:5)
  A revenant (Tomb:2)
  A daeva (Abyss:4)
  9 frost giants
  14 vault wardens
  5 deep elf sorcerers
  2 frost giants (shapeshifter) (Zig:7)
  6 iron dragons
  An orc warlord (Vaults:5)
  5 ghost moths
  A draconian knight (Depths:5)
  11 cacodemons
  Aizul (Elf:3)
  A draconian shifter (Abyss:1)
  2 angels
  5 emperor scorpions
  10 balrugs (Pan)
  3 curse skulls
  3 spriggan defenders (Depths:4)
  3 draconian annihilators (Pan)
  7 deep elf elementalists (Elf:3)
  11 ironheart preservers
  4 war gargoyles
  14 stone giants
  20 very ugly things
  5 blood saints (Pan)
  5 entropy weavers
  5 vampire knights
  5 corrupters (Pan)
  6 reapers (Pan)
  A green draconian (Depths:5)
  5 black suns (Pan)
  4 deep elf demonologists
  Nessos (D:14)
  8 deep elf annihilators
  6 lorocyprocas (Pan)
  5 spark wasps
  Azrael (Elf:1)
  A yellow draconian (Depths:5)
  A purple draconian (Depths:5)
  2 red draconians (Depths:5)
  An eidolon (Crypt:3)
  8 deep elf death magi
  8 mummy priests
  9 fire dragons
  5 death oozes
  11 ettins
  6 great orbs of eyes
  4 jiangshi
  5 green deaths
  A merfolk impaler (Depths:2)
  13 blizzard demons (Pan)
  12 yaktaur captains
  Josephine (D:14)
  8 deep elf high priests
  25 vault guards
  7 ogre magi
  7 rakshasas
  16 hydras
  5 monstrous demonspawn (Pan)
  2 spriggan air magi
  A hell beast (Pan)
  3 ice dragons
  A catoblepas (D:15)
  A ghost crab (Swamp:4)
  8 centaur warriors
  3 tengu warriors
  3 alligators
  7 deep troll shamans
  17 two-headed ogres
  12 death scarabs
  2 satyrs (shapeshifter)
  4 vampire magi
  4 death yaks (Lair:6)
  3 dancing weapons
  An orc high priest (Orc:2)
  33 sun demons
  4 deep troll earth magi
  3 spriggan berserkers
  12 deep elf knights
  13 soul eaters
  A wretched star (Abyss:4)
  Sonja (D:11)
  9 sixfirhies (Pan)
  A storm dragon skeleton (Crypt:3)
  A spatial maelstrom (Abyss:1)
  A deep troll (shapeshifter) (Vaults:5)
  5 shadow demons (Pan)
  7 skeletal warriors
  25 hell knights
  5 gelid demonspawn (Pan)
  11 shadow wraiths
  9 wizards
  2 unseen horrors
  3 iron trolls
  A shambling mangrove (Swamp:4)
  4 deep elf archers
  A sea snake (shapeshifter) (Vaults:5)
  2 spriggan druids
  6 infernal demonspawn (Pan)
  A torturous demonspawn (Pan)
  5 flayed ghosts
  9 glowing orange brains
  26 deep trolls
  9 swamp dragons
  12 ironbrand convokers
  2 obsidian statues
  3 lindwurms
  7 orc knights
  14 phantasmal warriors
  10 necromancers
  3 wolf spider zombies (Spider:2)
  Pikel (D:7)
  39 deep elf magi
  34 ugly things
  An iron dragon zombie (D:15)
  6 orb spiders
  A stone giant zombie (Zig:5)
  A mana viper (Abyss:1)
  14 wolf spiders
  2 salamanders (Depths:5)
  6 cyclopes
  3 shining eyes
  A manticore (D:13)
  4 orc sorcerers
  A fire giant zombie (D:15)
  A frost giant zombie (D:15)
  An iron dragon skeleton (Crypt:3)
  A worldbinder (Abyss:4)
  A faun (shapeshifter) (Zig:7)
  2 elephants (Lair:6)
  A stone giant skeleton (Depths:3)
  5 black mambas
  3 fire giant skeletons (Pan)
  4 frost giant skeletons
  A centaur zombie (D:14)
  An eye of devastation (Slime:2)
  2 guardian serpents (shapeshifter)
  4 gargoyles
  2 torpor snails
  A black mamba (shapeshifter) (Depths:4)
  12 smoke demons
  17 orange demons
  An eye of devastation (shapeshifter) (Depths:4)
  A rust devil (Pan)
  7 spiny frogs
  An emperor scorpion zombie (Tomb:1)
  10 vault sentinels
  A rime drake (shapeshifter) (Vaults:4)
  A rime drake (Lair:6)
  A yaktaur zombie (Vaults:3)
  12 demonic crawlers
  7 efreet
  7 redback zombies (Spider:2)
  3 hellions
  6 komodo dragons
  5 freezing wraiths
  3 ice devils
  2 tormentors (Pan)
  45 yaktaurs
  16 guardian mummies
  3 tengu conjurers
  5 hellwings
  14 red devils
  An elf skeleton (Depths:3)
  2 ancient zymes (Abyss:1)
  A polar bear (Lair:5)
  A polar bear (shapeshifter) (Vaults:4)
  7 trolls
  2 harpy skeletons
  27 hornets
  74 slime creatures
  A tengu simulacrum (Vaults:3)
  20 jumping spiders
  A blink frog (shapeshifter) (Depths:1)
  5 bog bodies
  15 blink frogs
  A slime creature (shapeshifter) (Depths:4)
  3 dream sheep (Lair:6)
  A spriggan zombie (D:15)
  14 tarantella zombies (Spider:2)
  6 hippogriffs
  An ice dragon zombie (Crypt:1)
  A spriggan (shapeshifter) (Depths:5)
  32 flying skulls
  8 water elementals
  9 shadows
  2 ettin skeletons
  11 small abominations
  3 wyverns
  8 wraiths
  46 redbacks
  29 yaks
  4 air elementals
  9 tarantellas
  9 ynoxinuls (Pan)
  5 spriggans
  An ice dragon skeleton (Crypt:3)
  41 large abominations
  3 ushabtiu
  A wind drake zombie (Crypt:2)
  5 fire bats (Volcano)
  6 basilisks
  A yak (shapeshifter) (Vaults:2)
  7 chaos spawn
  A black mamba skeleton (Crypt:3)
  5 fire elementals
  6 golden eyes
  2 vampire mosquitoes (D:13)
  5 neqoxecs
  5 wargs
  4 hungry ghosts
  A soldier ant (D:12)
  2 acid dragons
  3 swamp worms
  A merfolk zombie (Crypt:2)
  13 water moccasins
  A floating eye (Depths:4)
  6 hell hounds
  9 porcupines
  A black bear (D:11)
  7 ice beasts
  8 swamp drakes
  2 hornet zombies
  A lindwurm zombie (Crypt:1)
  39 orc warriors
  4 slaves (D:7)
  An eye of draining (shapeshifter) (Vaults:3)
  A necrophage (D:7)
  5 eyes of draining
  16 centaurs
  7 wolves
  2 phantoms (D:10)
  19 ogres
  A human skeleton (Vaults:3)
  A boggart (Vaults:1)
  A snapping turtle skeleton (Crypt:3)
  9 crocodiles
  A big kobold (D:9)
  2 earth elementals
  10 bullfrogs
  A scorpion (D:8)
  4 troll zombies (D:10)
  14 killer bees
  A spriggan skeleton (Pan)
  2 wights (Crypt:3)
  2 howler monkeys (D:9)
  9 crimson imps
  13 starcursed masses (Abyss:1)
  5 jellies
  5 lava snakes (Volcano)
  3 quasits
  5 hounds
  A bullfrog zombie (D:8)
  18 orc priests
  3 centaur skeletons
  An iron imp (Orc:2)
  3 iguanas
  27 orc wizards
  8 worker ants
  4 ogre zombies (D:10)
  A hound skeleton (D:7)
  22 mummies
  2 worker ant zombies
  3 adders
  A gnoll (D:4)
  6 shadow imps
  2 white imps
  An ufetubus (Vaults:2)
  4 adder skeletons
  4 ball lightnings (Pan)
  A barachi zombie (Crypt:1)
  A dart slug (D:2)
  4 leopard geckos
  109 orcs
  A giant cockroach (D:1)
  4 goblins
  3 hobgoblins (D:3)
  2 jackals (D:5)
  6 kobolds
  7 quokkas
  3 frilled lizards
  3 goblin zombies (D:10)
  A hobgoblin skeleton (D:10)
  3 hobgoblin zombies (D:10)
  A jackal zombie (Crypt:2)
  3 orc skeletons (D:10)
  15 orc zombies (D:10)
  A quokka skeleton (D:4)
  3 rats
  3 briar patches (Swamp:4)
  4 crawling corpses
  2 fungi
  A lurking horror (Abyss:4)
  A macabre mass (Abyss:4)
  A starspawn tentacle (Abyss:1)
2130 creatures vanquished.

Vanquished Creatures (collateral kills)
  Mara (Depths:4)
  A caustic shrike (Depths:4)
  the Enchantress (Depths:4)
  A deep elf blademaster (Elf:3)
  2 deep elf master archers (Elf:3)
  A thorn hunter (Swamp:4)
  A draconian monk (Depths:5)
  An azure jelly (Slime:5)
  A daeva (Depths:5)
  An emperor scorpion (Spider:4)
  3 deep elf annihilators (Elf:3)
  3 deep elf death magi
  A yellow draconian (Depths:5)
  A deep elf high priest (Elf:3)
  2 hydras
  A dancing weapon (Elf:1)
  3 two-headed ogres
  A death yak (Lair:6)
  2 deep elf knights
  A hell knight (Crypt:3)
  A flayed ghost (Crypt:3)
  A phantasmal warrior (Crypt:3)
  5 deep elf magi
  2 orb spiders
  A wolf spider (Spider:1)
  An elephant (shapeshifter) (Depths:3)
  A smoke demon (Crypt:3)
  A rime drake (Lair:6)
  A yaktaur (Depths:4)
  A hornet (Lair:6)
  2 slime creatures
  A human (shapeshifter) (Depths:2)
  6 orc warriors (Orc:2)
  A sky beast (D:14)
  An ice beast (D:10)
  An eye of draining (Slime:2)
  A phantom (D:14)
  A swamp drake (Swamp:4)
  2 killer bees (D:10)
  3 orc wizards
  2 orcs (Orc:2)
65 creatures vanquished.

Vanquished Creatures (others)
  2 liches
  A vault guard (Vaults:5)
  4 death scarabs (Tomb:2)
  A gargoyle (Crypt:3)
  A redback (Spider:3)
  A golden eye (Slime:5)
  An ettin simulacrum (Tomb:1)
  A crimson imp (Abyss:4)
  2 mummies
  8 ball lightnings (Pan)
  A briar patch (Swamp:4)
  2 plants
  2 starspawn tentacles (Abyss:1)
  A withered plant (Crypt:3)
28 creatures vanquished.

Grand Total: 2223 creatures vanquished

Notes
Turn   | Place    | Note
-------+----------+-------------------------------------------
     0 | D:1      | 4thArraOfDagon the Deep Dwarf Monk began the quest for the Orb.
     0 | D:1      | Reached XP level 1. HP: 20/20 MP: 1/1
    94 | D:2      | Reached XP level 2. HP: 21/27 MP: 2/2
    96 | D:2      | Found a shattered altar of Ashenzari.
   237 | D:3      | Reached skill level 4 in Axes
   253 | D:3      | Found a glowing golden altar of the Shining One.
   263 | D:3      | HP: 1/28 [quokka (3)]
   266 | D:3      | Reached XP level 3. HP: 29/34 MP: 2/2
   354 | D:5      | Entered Level 5 of the Dungeon
   375 | D:5      | Turgon: Hi, my OpFi failed in zig:6, having 3 runes
   379 | D:5      | Found Toicsap's Weapon Shop.
   386 | D:5      | Turgon: It was mummy level and I *still* had no statue form!
   386 | D:5      | 4thArraOfDagon: ohhh
   386 | D:5      | 4thArraOfDagon: what a bad luck man
   387 | D:5      | Turgon: dragon form and rN+++ was not enough vs tormenting mummies
   430 | D:6      | Turgon: dragon form is much weaker than statue btw
   430 | D:6      | Turgon: because statue form allows constriction
   430 | D:6      | 4thArraOfDagon: ohh really?
   430 | D:6      | 4thArraOfDagon: thought contriction stays with all forms but apparently not meh
   454 | D:6      | Turgon: so, my 0.20 tourney means splat splat splat
   466 | D:6      | Found an ancient bone altar of Kikubaaqudgha.
   475 | D:6      | Noticed an ice beast
   475 | D:6      | Found a snail-covered altar of Cheibriados.
   487 | D:6      | Noticed an orc warrior
   530 | D:7      | Noticed a necrophage
   537 | D:6      | Found a staircase to the Ecumenical Temple.
   542 | D:6      | Turgon: In one Op game, I found 4 rings very early (D:1 - D:3 or so)
   554 | D:6      | Rekenzichi: o_O
   560 | D:6      | Turgon: All of them were rPois!
   562 | Temple   | Entered the Ecumenical Temple
   569 | Temple   | Rekenzichi: that was awesome
   576 | Temple   | Turgon: so I had rPois++++
   636 | Temple   | Became a worshipper of Makhleb the Destroyer
   636 | Temple   | Reached * piety under Makhleb
   636 | Temple   | Reached ** piety under Makhleb
   646 | Temple   | Rekenzichi: I mean that use of invis pot was awesome*
   665 | Temple   | Turgon: :-)
   681 | D:6      | Turgon: Well, you found Makh
   693 | D:6      | Reached XP level 4. HP: 28/42 MP: 3/3
   699 | D:6      | Turgon: I often have trouble finding Ash
   732 | D:5      | Found Xying's Food Shop.
   758 | D:5      | Found Pusaveb's Antique Armour Shoppe.
   869 | D:5      | Found Xiacioky's General Store.
   880 | D:5      | Reached skill level 1 in Armour
   938 | D:5      | Bought a +0 battleaxe for 78 gold pieces
   971 | D:4      | Turgon: +1 b-axe after 980 turns
  1002 | D:4      | Reached skill level 5 in Axes
  1002 | D:4      | Reached XP level 5. HP: 49/49 MP: 4/4
  1016 | D:4      | Turgon: that's a new 0.20-tourney highscore probably
  1034 | D:4      | Got an encrusted arbalest
  1095 | D:3      | Identified the +6 arbalest "Fomnoby" {elec, Str+3} (You found it on level 4 of the Dungeon)
  1112 | D:3      | Rekenzichi: o_O
  1151 | D:3      | Rekenzichi: that was lucky a bit
  1290 | D:4      | Turgon: He plays DD so there shouldn't be any problems
  1309 | D:4      | Turgon: oh
  1340 | D:4      | Turgon: take off amu
  1343 | D:4      | Turgon: check scrolls
  1356 | D:4      | 4thArraOfDagon: what scrolls
  1377 | D:4      | Turgon: no scrolls?
  1377 | D:4      | 4thArraOfDagon: they removed scrolls
  1381 | D:4      | Turgon: lol
  1383 | D:4      | Reached XP level 6. HP: 56/56 MP: 5/5
  1403 | D:4      | Turgon: I thought they removed statue form
  1447 | D:4      | Reached skill level 6 in Axes
  1618 | D:6      | Turgon: lol, hitting the orc 1000 times (with inacc)
  1630 | D:6      | NO
  1630 | D:6      | Turgon: 10 ogres come into view
  1712 | D:7      | Turgon: ahh
  1730 | D:7      | Turgon: there you are
  1753 | D:8      | Reached skill level 7 in Axes
  1753 | D:8      | Reached XP level 7. HP: 49/62 MP: 5/5
  1789 | D:9      | Found a stormy altar of Qazlal.
  1902 | D:9      | Noticed a troll
  1933 | D:8      | Noticed a two-headed ogre
  1937 | D:8      | Reached *** piety under Makhleb
  1939 | D:8      | Reached skill level 8 in Axes
  1951 | D:8      | Reached skill level 5 in Armour
  1951 | D:8      | Reached XP level 8. HP: 69/69 MP: 6/6
  1954 | D:8      | Reached skill level 9 in Axes
  1956 | D:8      | Killed a two-headed ogre
  1956 | D:8      | Reached skill level 10 in Axes
  1966 | D:8      | Turgon: hell hounds on D:8, lol
  2084 | D:8      | Found a staircase to the Lair.
  2206 | D:9      | Gained mutation: You passively map the area around you. [Deep Dwarf growth]
  2206 | D:9      | Reached XP level 9. HP: 55/76 MP: 6/6
  2221 | D:10     | Entered Level 10 of the Dungeon
  2246 | D:10     | Found a staircase to the Orcish Mines.
  2261 | D:10     | Reached skill level 1 in Invocations
  2263 | D:10     | Reached **** piety under Makhleb
  2264 | D:10     | Reached skill level 11 in Axes
  2314 | D:10     | Found a hide-covered altar of Uskayaw.
  2330 | D:9      | Noticed a troll
  2334 | D:9      | Killed a troll
  2348 | D:9      | Noticed a two-headed ogre
  2355 | D:9      | Killed a two-headed ogre
  2355 | D:9      | Reached skill level 12 in Axes
  2361 | D:9      | Killed a troll
  2400 | D:9      | Identified the Compendium of Unstable Weightlessness
  2407 | D:9      | Learned a level 5 spell: Silence
  2552 | D:10     | Reached skill level 1 in Evocations
  2552 | D:10     | Reached XP level 10. HP: 74/84 MP: 8/8
  2566 | D:10     | Noticed a two-headed ogre
  2570 | D:10     | Killed a two-headed ogre
  2618 | D:10     | Found Vegaal's Elemental Accessories.
  2795 | D:11     | Noticed Sonja
  2893 | D:11     | Reached skill level 13 in Axes
  3012 | D:11     | Found a frozen archway.
  3063 | IceCv    | Entered an ice cave
  3063 | IceCv    | Noticed a white ugly thing
  3064 | IceCv    | Found a transporter.
  3096 | IceCv    | Killed a white ugly thing
  3134 | IceCv    | Noticed an ice statue
  3134 | IceCv    | Noticed a white ugly thing
  3134 | IceCv    | Noticed an ice statue
  3136 | IceCv    | Gained mutation: You are agile. (Dex +2) [potion of mutation]
  3136 | IceCv    | Gained mutation: You have sharp fingernails. [potion of mutation]
  3136 | IceCv    | Gained mutation: Your muscles are strong. (Str +2) [potion of mutation]
  3154 | D:11     | Killed a white ugly thing
  3241 | D:11     | Reached skill level 5 in Evocations
  3385 | D:12     | Reached skill level 14 in Axes
  3387 | D:12     | Reached ***** piety under Makhleb
  3387 | D:12     | Reached skill level 10 in Armour
  3388 | D:12     | Reached XP level 11. HP: 90/90 MP: 8/8
  3704 | D:14     | Noticed Josephine
  3707 | D:14     | Noticed a centaur warrior
  3719 | D:14     | Killed a centaur warrior
  3726 | D:14     | Killed Josephine
  3726 | D:14     | Reached skill level 15 in Axes
  3727 | D:14     | Noticed a centaur warrior
  3736 | D:14     | Killed a centaur warrior
  3881 | D:14     | Reached skill level 5 in Fighting
  3895 | D:15     | Entered Level 15 of the Dungeon
  3918 | D:15     | Noticed a catoblepas
  4034 | D:14     | Noticed Nessos
  4046 | D:14     | Killed Nessos
  4097 | D:15     | Found Efoh's Assorted Antiques.
  4123 | D:15     | Bought a warped war axe for 263 gold pieces
  4123 | D:15     | Identified the +7 war axe "Ufieng" {protect, rC++ Dex-4} (You bought it in a shop on level 15 of the Dungeon)
  4307 | Orc:1    | Entered Level 1 of the Orcish Mines
  4393 | Orc:2    | Entered Level 2 of the Orcish Mines
  4535 | Orc:2    | Found a staircase to the Elven Halls.
  4567 | Orc:2    | Reached XP level 12. HP: 83/103 MP: 8/8
  4637 | Orc:2    | Found a roughly hewn altar of Beogh.
  4637 | Orc:2    | Found Jeiribak's Assorted Antiques.
  4657 | Orc:2    | Bought 2 puce potions for 43 gold pieces
  4657 | Orc:2    | Bought a scroll labeled ACHORE VUOWAI for 24 gold pieces
  4730 | Orc:1    | Noticed an orc warlord
  4733 | Orc:2    | Paralysed by an orc sorcerer for 7 turns
  4748 | Orc:2    | Reached skill level 16 in Axes
  4753 | Orc:2    | Reached ****** piety under Makhleb
  4788 | Orc:2    | Found a roughly hewn altar of Beogh.
  4815 | Orc:2    | Found a roughly hewn altar of Beogh.
  4873 | Orc:2    | Found a roughly hewn altar of Beogh.
  4884 | Orc:2    | Found Jouh's Weapon Boutique.
  5059 | Orc:2    | WOW
  5068 | Orc:2    | Learned a level 2 spell: Blink
  5069 | Orc:2    | Rekenzichi: 4 +1 hats LUL
  5293 | Orc:2    | Noticed an orc high priest
  5316 | Orc:2    | Killed an orc high priest
  5371 | Orc:2    | Noticed Saint Roka
  5380 | Orc:2    | Noticed a blizzard demon
  5439 | Orc:1    | Rekenzichi: wtf
  5449 | Orc:1    | 4thArraOfDagon: saint roka
  5456 | Orc:1    | Rekenzichi: there was 2 Saint Rokas?
  5536 | Lair:1   | Entered Level 1 of the Lair of Beasts
  5749 | Lair:1   | Found a dark tunnel.
  5796 | Volcano  | Entered a volcano
  5817 | Volcano  | Reached skill level 17 in Axes
  5880 | Volcano  | Found a burning altar of Makhleb.
  5899 | Volcano  | Gained mutation: Your mind is acute. (Int +2) [mutagenic meat]
  5901 | Volcano  | Gained mutation: Your muscles are very strong. (Str +4) [mutagenic meat]
  5951 | Volcano  | Reached XP level 13. HP: 106/115 MP: 7/7
  6601 | Lair:6   | Entered Level 6 of the Lair of Beasts
  6791 | Lair:6   | Reached skill level 18 in Axes
  7344 | Lair:5   | Found a staircase to the Slime Pits.
  7436 | Lair:3   | Found a hole to the Spider Nest.
  7439 | Lair:3   | Gained mutation: You resist negative energy. (rN+) [Deep Dwarf growth]
  7439 | Lair:3   | Reached XP level 14. HP: 127/127 MP: 8/8
  7453 | Lair:3   | Found a staircase to the Swamp.
  7455 | Lair:3   | 4thArraOfDagon: thats about it
  7455 | Lair:3   | 4thArraOfDagon: no flaming
  7455 | Lair:3   | 4thArraOfDagon: no rpois
  7783 | Orc:2    | Killed Saint Roka
  7783 | Orc:2    | Reached skill level 19 in Axes
  7850 | Orc:2    | Found Xadudy's Antique Weapon Shop.
  7850 | Orc:2    | Found a roughly hewn altar of Beogh.
  7852 | Orc:2    | Found Wusanoim's Antique Armour Boutique.
  7924 | Elf:1    | Entered Level 1 of the Elven Halls
  7985 | Elf:1    | Found a radiant altar of Vehumet.
  7985 | Elf:1    | Noticed a deep elf sorcerer
  8007 | Elf:1    | Killed a deep elf sorcerer
  8163 | Elf:1    | Reached skill level 5 in Invocations
  8281 | Elf:1    | Noticed Roxanne
  8371 | Elf:2    | Found Pocil's Antique Weapon Emporium.
  8387 | Elf:3    | Entered Level 3 of the Elven Halls
  8483 | Elf:3    | Found Kyatour's Antique Armour Boutique.
  8513 | Elf:3    | Found Jautofi's General Store.
  8528 | Elf:3    | Found Xiboferiow's Assorted Antiques.
  8541 | Elf:3    | Bought a scroll labeled QETTEX QIUGHAA for 23 gold pieces
  8563 | Elf:3    | Found Ybbienn's Jewellery Boutique.
  8699 | Elf:3    | Found a flickering gateway to a bazaar.
  8704 | Bazaar   | Entered a bazaar
  8704 | Bazaar   | Found Opoibli's Assorted Antiques.
  8704 | Bazaar   | Found Zuedieb's Armour Emporium.
  8704 | Bazaar   | Found Xoschaoxa's Armour Shoppe.
  8729 | Bazaar   | Bought a +7 plate armour of ponderousness for 525 gold pieces
  8849 | Elf:3    | Identified a scroll of acquirement
  8929 | Elf:3    | Noticed a deep elf master archer
  8939 | Elf:3    | Killed a deep elf master archer
  8939 | Elf:3    | Reached XP level 15. HP: 138/138 MP: 7/7
  8949 | Elf:3    | Noticed an Ice Fiend
  8954 | Elf:3    | Reached skill level 10 in Fighting
  9006 | Elf:3    | Reached skill level 20 in Axes
  9041 | Elf:3    | Vajrapani: surely the flaming battleaxe must be better at this point
  9063 | Elf:3    | Noticed a deep elf sorcerer
  9076 | Elf:3    | Noticed Aizul
  9124 | Elf:3    | Killed a deep elf sorcerer
  9192 | Elf:3    | Bought a scroll of enchant weapon for 172 gold pieces
  9256 | Elf:3    | Bought a scroll of remove curse for 69 gold pieces
  9295 | Elf:3    | Noticed a deep elf master archer
  9307 | Elf:3    | Killed a deep elf master archer
  9358 | Elf:3    | Reached skill level 15 in Armour
  9360 | Elf:3    | Noticed a deep elf blademaster
  9368 | Elf:3    | Killed a deep elf blademaster
  9390 | Elf:3    | Noticed a deep elf master archer
  9410 | Elf:3    | Noticed a deep elf sorcerer
  9410 | Elf:3    | Noticed a deep elf sorcerer
  9419 | Elf:3    | Killed a deep elf sorcerer
  9420 | Elf:3    | Killed a deep elf sorcerer
  9429 | Elf:3    | Got a crude ring mail
  9431 | Elf:3    | Got a twisted war axe
  9433 | Elf:3    | Got a serpentine graven amulet
  9464 | Elf:3    | Got an iridescent battleaxe
  9638 | Elf:3    | Noticed a deep elf sorcerer
  9645 | Elf:3    | Killed a deep elf sorcerer
  9658 | Elf:3    | Killed a deep elf master archer
  9717 | Elf:3    | Killed Aizul
  9724 | Elf:3    | Bought a transparent scale mail for 279 gold pieces
  9724 | Elf:3    | Bought a pair of runed gloves for 232 gold pieces
  9870 | Elf:2    | Identified the amulet "Doam" {Gourm rF+ MP+9} (You found it on level 3 of the Elven Halls)
  9896 | Elf:1    | Noticed Azrael
  9900 | Elf:1    | Reached XP level 16. HP: 148/148 MP: 7/7
  9903 | Elf:1    | Reached skill level 21 in Axes
  9909 | Elf:1    | Killed Azrael
  9910 | Elf:1    | Reached skill level 10 in Invocations
 10111 | D:7      | Noticed Pikel
 10126 | D:7      | Killed Pikel
 10160 | D:7      | Identified the +7 battleaxe of Subjectivity {drain, +Inv rElec MR++ Int-5} (You found it on level 3 of the Elven Halls)
 10161 | D:7      | Identified the +11 war axe of Igrut {protect, Str+4 Int+3} (You found it on level 3 of the Elven Halls)
 10172 | D:7      | Identified the cursed +0 ring mail "Siafamar" {MR+ Str+3 Slay-5 SInv} (You found it on level 3 of the Elven Halls)
 10183 | D:7      | Identified the cursed +0 scale mail of the Planets {*Slow Dex+3 Slay+3 Stlth+} (You bought it in a shop on level 3 of the Elven Halls)
 10206 | D:8      | 4thArraOfDagon: so wannabe items
 10355 | Swamp:1  | Entered Level 1 of the Swamp
 10535 | Swamp:4  | Entered Level 4 of the Swamp
 10624 | Swamp:4  | Noticed a thorn hunter
 10625 | Swamp:4  | Noticed a thorn hunter
 10645 | Swamp:4  | Noticed the 27-headed Lernaean hydra
 10656 | Swamp:4  | Killed the 21-headed Lernaean hydra
 10670 | Swamp:4  | Killed a thorn hunter
 10678 | Swamp:4  | Killed a thorn hunter
 10747 | Swamp:4  | Got a decaying rune of Zot
 10957 | Spider:1 | Entered Level 1 of the Spider Nest
 11205 | Spider:2 | Reached XP level 17. HP: 158/159 MP: 9/9
 11207 | Spider:2 | Reached skill level 5 in Dodging
 11230 | Spider:2 | Learned a level 1 spell: Apportation
 11290 | Spider:3 | Reached skill level 22 in Axes
 11403 | Spider:3 | Reached skill level 1 in Translocations
 11440 | Spider:4 | Entered Level 4 of the Spider Nest
 11698 | Spider:4 | Paralysed by a hornet for 3 turns
 11746 | Spider:4 | Got a gossamer rune of Zot
 12348 | D:14     | Found a gate to the Vaults.
 12357 | Vaults:1 | Entered Level 1 of the Vaults
 12405 | Vaults:1 | Reached skill level 5 in Translocations
 12705 | Vaults:2 | Gained mutation: You passively map a large area around you. [Deep Dwarf growth]
 12705 | Vaults:2 | Reached XP level 18. HP: 167/169 MP: 11/11
 13067 | Vaults:4 | Got a pair of heavily runed gloves
 13068 | Vaults:4 | Identified the +0 pair of gloves of Brilliance {MR+ Int+4 Dex+2} (You acquired it on level 4 of the Vaults)
 13201 | Vaults:4 | Reached skill level 1 in Spellcasting
 13290 | Vaults:4 | Reached skill level 23 in Axes
 13352 | Vaults:4 | Got a crystal broad axe {drain}
 13353 | Vaults:4 | Identified the +4 broad axe of Wariness {drain, *Noise MR- Str+4 Dex+6} (You took it off an orc knight on level 4 of the Vaults)
 13359 | Vaults:5 | Entered Level 5 of the Vaults
 13372 | Vaults:5 | Noticed a tentacled monstrosity
 13392 | Vaults:5 | Noticed an ancient lich
 13412 | Vaults:5 | Killed an ancient lich
 13455 | Vaults:5 | Killed a tentacled monstrosity
 13513 | Vaults:5 | Reached XP level 19. HP: 132/178 MP: 13/13
 13609 | Vaults:5 | Got an ichor-stained war axe
 13628 | Vaults:5 | Identified the +0 scale mail of the Evening {+Inv rPois rF- Int+2} (You found it on level 5 of the Vaults)
 13640 | Vaults:5 | Learned a level 5 spell: Lee's Rapid Deconstruction
 13645 | Vaults:5 | Learned a level 4 spell: Passage of Golubria
 13648 | Vaults:5 | Learned a level 2 spell: Passwall
 13651 | Vaults:5 | Learned a level 2 spell: Swiftness
 14004 | Vaults:5 | Noticed a golden dragon
 14011 | Vaults:5 | Killed a golden dragon
 14053 | Vaults:5 | Identified the +4 war axe "Newt's Funeral" {venom, rN+ MP+9 Dex+3} (You found it on level 5 of the Vaults)
 14054 | Vaults:5 | Identified the ring "Nuotiazi" {rPois rF+ rC- Dex+3 Stlth+} (You took it off a vault guard on level 5 of the Vaults)
 14055 | Vaults:5 | Vajrapani: vampiric exec axe
 14056 | Vaults:5 | Vajrapani: free 3 runes
 14080 | Vaults:5 | Got a slimy bronze ring
 14082 | Vaults:5 | Identified the ring "Hybu" {*Slow rC++ Stlth+} (You took it off an orc priest on level 5 of the Vaults)
 14140 | Vaults:5 | Paralysed by a floating eye for 3 turns
 14259 | Vaults:5 | Reached skill level 5 in Spellcasting
 14344 | Vaults:5 | Reached XP level 20. HP: 131/188 MP: 14/14
 14403 | Vaults:5 | Reached skill level 24 in Axes
 14403 | Vaults:5 | Reached skill level 10 in Dodging
 14437 | Vaults:5 | Got a silver rune of Zot
 14823 | Vaults:3 | Found Mihe Xuupte's Antique Armour Emporium.
 14831 | Vaults:3 | Bought a polished hat for 261 gold pieces
 14843 | Vaults:3 | Identified the +0 hat "Joidd" {+Blink rElec Regen+ Int-5} (You bought it in a shop on level 3 of the Vaults)
 15033 | Vaults:1 | Noticed Donald
 15043 | Vaults:1 | Killed Donald
 15142 | D:15     | Found Carcholiw's Antique Weapon Boutique.
 15171 | D:15     | Found a shadowy altar of Dithmenos.
 15211 | D:15     | Found Hiej Jen's Food Shop.
 15225 | D:15     | Found a staircase to the Depths.
 15291 | Depths:1 | Entered Level 1 of the Depths
 15377 | Depths:1 | Found a corrupted altar of Lugonu.
 15377 | Depths:1 | Found a one-way gate to the infinite horrors of the Abyss.
 15465 | Depths:3 | Noticed Mennas
 15694 | Depths:2 | Noticed a caustic shrike
 15719 | Depths:2 | Killed a caustic shrike
 15816 | Depths:2 | Noticed a juggernaut
 15831 | Depths:2 | Killed a juggernaut
 15831 | Depths:2 | Reached XP level 21. HP: 199/199 MP: 15/15
 15935 | Depths:2 | Identified the -4 pair of gloves of Death's Door {rElec rC+} (You found it on level 2 of the Depths)
 16063 | Depths:2 | Reached skill level 25 in Axes
 16078 | Depths:2 | Got a flickering tin ring
 16101 | Depths:2 | Identified the ring of Weskym {rC++ MP+9 Int-3} (You found it on level 2 of the Depths)
 16239 | Depths:3 | Killed Mennas
 16538 | Depths:4 | timbw: hello
 16539 | Depths:4 | Noticed a golden dragon
 16540 | Depths:4 | timbw: whats up
 16555 | Depths:4 | Noticed Margery
 16558 | Depths:4 | Killed a golden dragon
 16575 | Depths:4 | timbw: http://dobrazupa.org/tournament/0.20/all-players.html
 16575 | Depths:4 | timbw: who the fuck is manman xD
 16575 | Depths:4 | 4thArraOfDagon: whatsup
 16575 | Depths:4 | timbw: yermak #1 always no suprise
 16577 | Depths:4 | Killed Margery
 16626 | Depths:4 | Noticed the Enchantress
 16632 | Depths:4 | Noticed a caustic shrike
 16640 | Depths:4 | Killed the Enchantress
 16644 | Depths:4 | timbw: demise shits out a 3 rune win with 0 latency in less than a hour
 16645 | Depths:4 | Killed a caustic shrike
 16655 | Depths:4 | Reached skill level 15 in Fighting
 16665 | Depths:4 | Reached XP level 22. HP: 153/210 MP: 16/16
 16677 | Depths:4 | timbw: tournaments are useless... this format, no point
 16682 | Depths:4 | Got faerie dragon scales
 16741 | Depths:4 | Noticed a juggernaut
 16758 | Depths:4 | Killed a juggernaut
 16899 | Depths:4 | Noticed Mara
 16917 | Depths:4 | Noticed 4thArraOfDagon's illusion
 16925 | Depths:4 | Killed Mara
 16965 | Depths:5 | Entered Level 5 of the Depths
 16982 | Depths:5 | Reached skill level 10 in Evocations
 16993 | Depths:5 | Found a gateway to a ziggurat.
 17023 | Depths:5 | Found a one-way gate leading to the halls of Pandemonium.
 17059 | Zig:1    | Entered Level 1 of a ziggurat
 17079 | Zig:2    | Entered Level 2 of a ziggurat
 17108 | Zig:3    | Entered Level 3 of a ziggurat
 17111 | Zig:3    | Noticed an orb of fire
 17111 | Zig:3    | Gained mutation: You tend to lose your temper in combat. [an orb of fire]
 17134 | Zig:3    | Killed an orb of fire
 17134 | Zig:3    | Reached skill level 26 in Axes
 17144 | Zig:4    | Entered Level 4 of a ziggurat
 17199 | Zig:4    | timbw: u going for fastest completed zig or something?
 17199 | Zig:4    | timbw: what is going on right now
 17203 | Zig:5    | Entered Level 5 of a ziggurat
 17210 | Zig:5    | timbw: missing something vital?
 17235 | Zig:6    | Entered Level 6 of a ziggurat
 17235 | Zig:6    | Noticed Turgon's ghost (veteran OpFi)
 17236 | Zig:6    | 4thArraOfDagon: ohhh
 17236 | Zig:6    | 4thArraOfDagon: turgon was here
 17236 | Zig:6    | 4thArraOfDagon: his unluck octopode without statue form
 17236 | Zig:6    | timbw: zigg 6 rip
 17236 | Zig:6    | 4thArraOfDagon: rip byd
 17236 | Zig:6    | 4thArraOfDagon: bud
 17241 | Zig:6    | Noticed a caustic shrike
 17267 | Zig:6    | Killed a caustic shrike
 17274 | Zig:6    | Identified the Almanac of Assistive Translocation
 17279 | Zig:7    | Entered Level 7 of a ziggurat
 17333 | Zig:7    | Noticed a Killer Klown
 17335 | Zig:7    | Noticed a Killer Klown
 17383 | Zig:7    | Gained mutation: Your body sometimes deteriorates upon taking damage. [a cacodemon]
 17469 | Depths:5 | Found a gateway to Hell.
 17471 | Depths:5 | Found a gate to the Realm of Zot.
 17540 | Depths:5 | Killed a Killer Klown
 17581 | Depths:4 | 4thArraOfDagon: well no rn
 17662 | Depths:3 | 4thArraOfDagon: what do you suggest
 17662 | Depths:3 | Identified the +2 faerie dragon scales {rElec rCorr Dex+5} (You took it off the Enchantress on level 4 of the Depths)
 17672 | Depths:3 | Learned a level 8 spell: Controlled Blink
 17675 | Depths:3 | timbw: suggest for what
 17675 | Depths:3 | 4thArraOfDagon: just one ring
 17682 | Depths:3 | timbw: gda & vamp axe
 17685 | Depths:3 | timbw: seams good
 17687 | Depths:3 | 4thArraOfDagon: hell/tomb/pan left
 17687 | Depths:3 | 4thArraOfDagon: vamp is useless
 17687 | Depths:3 | timbw: none of those are fun
 17687 | Depths:3 | timbw: yes
 17687 | Depths:3 | timbw: agreed
 17687 | Depths:3 | timbw: well..
 17687 | Depths:3 | 4thArraOfDagon: and gda is just resource of basic dungeon resistances
 17687 | Depths:3 | timbw: maybe kind of useful in pan?
 17687 | Depths:3 | timbw: kind of many living things in pan now
 17687 | Depths:3 | timbw: between the lords
 17687 | Depths:3 | 4thArraOfDagon: oh, slime left too
 17687 | Depths:3 | 4thArraOfDagon: maybe time to go there?
 17687 | Depths:3 | timbw: slime or pan for sure
 17687 | Depths:3 | timbw: probably slime
 17687 | Depths:3 | timbw: id go slime
 17687 | Depths:3 | 4thArraOfDagon: ok, lets try
 17687 | Depths:3 | 4thArraOfDagon: without res ;)
 17705 | Depths:3 | timbw: yaya
 17711 | Depths:3 | timbw: do you at least have some rc?
 17735 | Depths:3 | 4thArraOfDagon: yes,full
 17856 | D:12     | timbw: I think
 17897 | D:10     | timbw: they have done things to slime
 18030 | Lair:3   | timbw: its not the same fight I know
 18090 | Lair:5   | timbw: when you kill trj
 18094 | Slime:1  | Entered Level 1 of the Pits of Slime
 18098 | Slime:1  | timbw: all the walls go away or something
 18115 | Lair:5   | timbw: get ready to teleport after killing trj is what im saying...
 18238 | Slime:3  | 4thArraOfDagon: ill rage her
 18267 | Slime:2  | Reached XP level 23. HP: 218/218 MP: 17/17
 18305 | Slime:3  | Gained mutation: Your spells are a little harder to cast, but a little more powerful. [a shining eye]
 18412 | Slime:5  | Entered Level 5 of the Pits of Slime
 18471 | Slime:5  | 4thArraOfDagon: its fine with double-digit -corr values
 18471 | Slime:5  | 4thArraOfDagon: :)
 18520 | Slime:5  | Found a viscous altar of Jiyva.
 18520 | Slime:5  | Noticed the Royal Jelly
 18554 | Slime:5  | Killed the Royal Jelly
 18554 | Slime:5  | Reached skill level 10 in Translocations
 18558 | Slime:5  | timbw: defense pff
 18568 | Slime:5  | timbw: ah ok
 18573 | Slime:5  | Vajrapani: man, TRJ is such a chump
 18573 | Slime:5  | timbw: so not all the walls disapear
 18576 | Slime:5  | timbw: just some
 18581 | Slime:5  | timbw: why did they do that xD
 18599 | Slime:5  | timbw: crawl updates are so strange
 18604 | Slime:5  | Identified the +12 chain mail of Kofeq {rPois rCorr SInv} (You found it on level 5 of the Pits of Slime)
 18605 | Slime:5  | 4thArraOfDagon: hmmmmmmmmm
 18608 | Slime:5  | Got a slimy rune of Zot
 18612 | Slime:5  | timbw: maybe they did this
 18622 | Slime:5  | timbw: so that they can remove dig and disint
 18632 | Slime:5  | Identified the ring of the Lonely Friends {Str+2 Int+6 Stlth-} (You found it on level 5 of the Pits of Slime)
 18633 | Slime:5  | timbw: maybe they dont like players manipulating levels
 18639 | Slime:5  | Identified the ring "Lapragurph" {+Fly rPois MR+} (You found it on level 5 of the Pits of Slime)
 18658 | Slime:5  | Identified Husus's Guide on Supportive Execration
 18912 | D:8      | 4thArraOfDagon: pan?
 18912 | D:8      | 4thArraOfDagon: or get rn ring from elf3????
 18912 | D:8      | timbw: fuck elf
 18912 | D:8      | timbw: well..
 18912 | D:8      | 4thArraOfDagon: riiight
 18912 | D:8      | timbw: save is elf ofc
 18912 | D:8      | timbw: safe*
 18912 | D:8      | timbw: but you know this
 18912 | D:8      | 4thArraOfDagon: yep
 18912 | D:8      | 4thArraOfDagon: i've been there but
 18912 | D:8      | timbw: probably elf than pan, if you care about things xD
 18912 | D:8      | 4thArraOfDagon: its -500 turns
 18912 | D:8      | timbw: yes..
 18912 | D:8      | timbw: this char is quite fast
 18912 | D:8      | timbw: potential for fastest in the tournament
 18912 | D:8      | timbw: id skip elf
 18912 | Elf:3    | timbw: this guy can win without elf
 18912 | Elf:3    | 4thArraOfDagon: yep
 18912 | D:8      | 4thArraOfDagon: fuck elf
 18917 | D:8      | 4thArraOfDagon: time for pan
 18917 | D:8      | 4thArraOfDagon: or wait
 18917 | D:8      | 4thArraOfDagon: tom
 18917 | D:8      | 4thArraOfDagon: tomb
 18917 | D:8      | timbw: no
 18917 | D:8      | timbw: nono
 18917 | D:8      | timbw: no
 18917 | D:8      | 4thArraOfDagon: tomb will be safer
 18917 | D:8      | Vajrapani: not new tomb
 18917 | D:8      | timbw: oh? new tomb safer what
 18917 | D:8      | 4thArraOfDagon: ill be ready with cblink
 18917 | D:8      | 4thArraOfDagon: chill
 18917 | D:8      | 4thArraOfDagon: and t:3 have guaranteed rn ring right?
 18917 | D:8      | timbw: I dont know anything about new tomb man
 18922 | D:9      | timbw: my opinion is not worth anything
 18967 | D:11     | Killed Sonja
 19075 | Vaults:1 | 4thArraOfDagon: ill be ready
 19304 | Vaults:3 | Found a staircase to the Crypt.
 19318 | Crypt:1  | Entered Level 1 of the Crypt
 19345 | Crypt:3  | Entered Level 3 of the Crypt
 19390 | Crypt:3  | Reached skill level 1 in Hexes
 19489 | Crypt:3  | Reached skill level 1 in Air Magic
 19522 | Crypt:3  | 4thArraOfDagon: stay positive
 19543 | Crypt:3  | Noticed Jory
 19562 | Crypt:3  | Killed Jory
 19793 | Crypt:3  | Found an ancient bone altar of Kikubaaqudgha.
 19794 | Crypt:3  | Noticed an ancient lich
 19802 | Crypt:3  | Killed an ancient lich
 19826 | Crypt:3  | Got a twisted helmet
 19840 | Crypt:3  | Noticed an ancient lich
 19847 | Crypt:3  | Killed an ancient lich
 20258 | Crypt:3  | Found a staircase to the Tomb.
 20273 | Tomb:1   | Entered Level 1 of the Tomb of the Ancients
 20286 | Tomb:1   | Reached XP level 24. HP: 229/229 MP: 18/18
 20376 | Tomb:1   | Reached skill level 5 in Hexes
 20492 | Tomb:1   | Noticed a greater mummy
 20544 | Tomb:1   | Killed a greater mummy
 20605 | Tomb:1   | Noticed a greater mummy
 20648 | Tomb:1   | Killed a greater mummy
 20648 | Tomb:1   | Reached skill level 5 in Air Magic
 20803 | Tomb:2   | Noticed Frederick
 20804 | Tomb:2   | Noticed a greater mummy
 20912 | Tomb:3   | Entered Level 3 of the Tomb of the Ancients
 20926 | Tomb:3   | murphy: hi
 20926 | Tomb:3   | murphy: https://docs.google.com/spreadsheets/d/1fKNWf69rLYGCWZ_tGN-3PADrbva_f2gh-UuU3qb-CdY/pubhtml
 20932 | Tomb:3   | Noticed a greater mummy
 20932 | Tomb:3   | Noticed an ancient lich
 20934 | Tomb:3   | murphy: pls save this link
 20935 | Tomb:3   | Noticed a greater mummy
 20937 | Tomb:3   | Noticed a greater mummy
 20940 | Tomb:3   | murphy: we already got a lot of banners
 20941 | Tomb:3   | murphy: kuniqs was very busy
 20941 | Tomb:3   | 4thArraOfDagon: ok
 20941 | Tomb:3   | 4thArraOfDagon: btw do you remember this vault?
 20941 | Tomb:3   | 4thArraOfDagon: where is entrance
 20941 | Tomb:3   | 4thArraOfDagon: at the top or bottom?
 20941 | Tomb:3   | murphy: idk
 20941 | Tomb:3   | BLOAX: i thought they removed DD
 20941 | Tomb:3   | murphy: maybe kuniqs knows
 20944 | Tomb:3   | 4thArraOfDagon: yea me too
 20944 | Tomb:3   | BLOAX: the rune is at the top of that thing
 20944 | Tomb:3   | BLOAX: yes
 20944 | Tomb:3   | 4thArraOfDagon: but where is entrance
 20944 | Tomb:3   | 4thArraOfDagon: bottom or top?
 20944 | Tomb:3   | BLOAX: top
 20944 | Tomb:3   | BLOAX: so you have to go to the bottom of the map
 20944 | Tomb:3   | BLOAX: then all the way to the top of the structure
 20944 | Tomb:3   | murphy: sec
 20944 | Tomb:3   | 4thArraOfDagon: so go here?
 20944 | Tomb:3   | murphy: kuniqs u now where the entrance is?
 20944 | Tomb:3   | BLOAX: yeah
 20944 | Tomb:3   | murphy: *know
 20944 | Tomb:3   | 4thArraOfDagon: in Bloax we trust :)
 20944 | Tomb:3   | kuniqs: entrance to what?
 20944 | Tomb:3   | murphy: the rune
 20944 | Tomb:3   | murphy: do u know this vault?
 20944 | Tomb:3   | kuniqs: in the middle
 20944 | Tomb:3   | BLOAX: ah yes it's the panlord special
 20945 | Tomb:3   | Noticed Khufu
 20945 | Tomb:3   | Noticed a greater mummy
 20955 | Tomb:3   | Got a golden rune of Zot
 20966 | Tomb:2   | kuniqs: babye forever!
 21120 | Tomb:1   | kuniqs: this place is both easier and harder at the same time now
 21137 | Crypt:3  | murphy: why is it easier?
 21139 | Crypt:3  | murphy: O.o
 21179 | Crypt:2  | BLOAX: you don't have -ctele
 21179 | Crypt:2  | murphy: in which way
 21232 | Crypt:1  | BLOAX: which means you can cblink with scrolls
 21276 | Vaults:3 | BLOAX: as opposed to only semi-controlled blink if you cast cblink with the spell
 21287 | Vaults:3 | kuniqs: you can move to the side and skip most of the entry comitee
 21310 | Vaults:2 | kuniqs: and ninja the rune easier
 21443 | Depths:1 | murphy: kuniqs how/when did u do the heretic banner? was this one run? with Mi?
 21473 | Depths:1 | murphy: oh and u did a Zig too for the madness banner
 21527 | Depths:2 | kuniqs: I've had a char with v. good items and I wandered the abyss with about 6 god wraths at the same time
 21567 | Depths:3 | murphy: which gods wrath did u get?
 21572 | Depths:3 | kuniqs: 4thArraOfDagon, do you have any idea what kind of character can win under 19lvl?
 21593 | Depths:3 | BLOAX: veh sounds like a bad choice among many god wraths
 21609 | Pan      | Entered Pandemonium
 21610 | Pan      | kuniqs: murphy: hep, kiku, yred, trog, oka, uska, gozag, makhleb, ash
 21658 | Pan      | kuniqs: veh is one of the worst, with undodgeable crystal spears
 21660 | Pan      | murphy: kunqis what exactly do u think is the problem with winning a below Xl19 char?
 21679 | Pan      | murphy: the Main problem
 21687 | Pan      | Found an exit through the horrors of the Abyss.
 21693 | Pan      | Got a clouded sapphire amulet
 21700 | Pan      | kuniqs: it's very hard for me to avoid overleveling for some reason
 21709 | Pan      | BLOAX: the main problem is zot:5
 21711 | Pan      | murphy: yy
 21721 | Pan      | murphy: exactly
 21724 | Pan      | BLOAX: where there are these interesting little things
 21728 | Pan      | BLOAX: that are very fast
 21728 | Pan      | murphy: overlevling
 21735 | Pan      | BLOAX: give a ton of exp
 21750 | Pan      | BLOAX: and cast strong fireballs at you
 21752 | Pan      | Found a huge runed gate.
 21773 | Pan      | murphy: that's why mayne choose stealthy fast species for this
 21776 | Pan      | murphy: Sp or Fe
 21793 | Pan      | murphy: ??hepl
 21794 | Pan      | beem: hepliaklqana[1/4]: God of ancestral memory. Grants a powerful, customizable permanent ancestor, which will be automatically revived if slain (after a few dozen turns). Likes exploration. 0*: ally & recall, 2*: {Remember Life}, 3*: {Transference}, 4*: {Idealise}, 5*: Transference-drain
 21831 | Pan      | BLOAX: i wonder if Fe XL is counted as amount of XLs accrued
 21836 | Pan      | murphy: ??wrath heplliaklqana
 21837 | Pan      | beem: I don't have a page labeled wrath_heplliaklqana in my learndb.
 21855 | Pan      | kuniqs: hep is just -10% hp for 2 levels
 21878 | Pan      | murphy: ??heplliaklqana wrath
 21878 | Pan      | BLOAX: or if it's ok to keep splatting as you get to XL18
 21878 | Pan      | beem: heplliaklqana wrath ~ hepliaklqana wrath[1/1]: Prevent all XP gain (Level experience AND Skill Experience). Lasts until enough XP has been penalized. Total cost as Ash wrath. You keep frail 1 (from worshipping Hep) until the wrath ends.
 21891 | Pan      | murphy: prevents Xp gain
 21892 | Pan      | BLOAX: so as to never reach XL19
 21908 | Pan      | kuniqs: interesting
 21919 | Pan      | BLOAX: hah
 21928 | Pan      | murphy: just pick and other god with no wrath
 21928 | Pan      | kuniqs: but I'd have to play basically godless
 21940 | Pan      | murphy: like ely
 21940 | Pan      | Gained mutation: You often lose your temper in combat. [a cacodemon]
 21943 | Pan      | Found an exit through the horrors of the Abyss.
 21947 | Pan      | murphy: and wander in abyss
 21948 | Pan      | Took an exit into the Abyss.
 21948 | Abyss:1  | Escaped into the Abyss
 21951 | Abyss:1  | murphy: to get piety
 21967 | Abyss:1  | murphy: then change back and forth
 22027 | Abyss:1  | murphy: well that would be one way..
 22040 | Abyss:1  | kuniqs: damn, Ignacio is rare
 22065 | Abyss:1  | murphy: yes he is
 22093 | Abyss:1  | kuniqs: "I've killed him only once in 100 extended games" rare
 22094 | Abyss:1  | murphy: never saw him ever
 22115 | Abyss:1  | Found a corrupted altar of Lugonu.
 22118 | Abyss:1  | murphy: not even in others games
 22128 | Abyss:1  | BLOAX: i think i've met him once
 22132 | Abyss:1  | murphy: but i killed tiamat
 22138 | Abyss:1  | Reached skill level 15 in Translocations
 22143 | Abyss:1  | BLOAX: he got pwned pretty badly
 22162 | Abyss:1  | Gained mutation: You evolve. [mutagenic meat]
 22170 | Abyss:1  | murphy: never killed tiamat before too
 22184 | Abyss:1  | Noticed an ancient lich
 22199 | Abyss:1  | Killed an ancient lich
 22212 | Depths:3 | Escaped the Abyss
 22214 | Pan      | Entered Pandemonium
 22215 | Pan      | BLOAX: i've been lucky enough to kill tiamat a couple of times
 22221 | Pan      | murphy: i think i got the most uniques killed
 22248 | Pan      | Found an exit through the horrors of the Abyss.
 22250 | Pan      | murphy: from our clan
 22263 | Pan      | BLOAX: but those two are definitely pretty awkward for tournaments
 22275 | Pan      | murphy: hopefully i can get harvest
 22329 | Pan      | BLOAX: watch out it's the Kool Kids KKKLAN
 22356 | Pan      | Identified the amulet of Yesterday {Faith Str+6 Slay+3} (You found it in Pandemonium)
 22365 | Pan      | BLOAX: that's a nice amulet
 22367 | Pan      | BLOAX: i'll say
 22373 | Pan      | Identified the +2 helmet of the Sea {-Cast rPois rN++ Str+4} (You found it on level 3 of the Crypt)
 22374 | Pan      | 4thArraOfDagon: fuck casting?
 22374 | Pan      | BLOAX: you can train casting while wearing a fuck casting helmet
 22397 | Pan      | murphy: i haven't killed 8 of 76 uniqes yet
 22399 | Pan      | murphy: and for harvest i would need 72 kills
 22405 | Pan      | murphy: so i need to find 4 more uniques
 22405 | Pan      | BLOAX: well
 22407 | Pan      | kuniqs: I need only 2
 22413 | Pan      | murphy: should be possible
 22423 | Pan      | murphy: only 2?
 22423 | Pan      | BLOAX: ignacio can be forced by running something casual enough to farm pan
 22425 | Pan      | murphy: O.o
 22437 | Pan      | BLOAX: unless pan isn't infinite anymore
 22441 | Pan      | kuniqs: still is
 22458 | Pan      | BLOAX: tiamat is the difficult one since you need to run enough games to find her
 22477 | Pan      | BLOAX: and she only spawns at the entrance to or in zot afaik
 22497 | Pan      | murphy: yeah kuniqs u have very rare stuff to get
 22500 | Pan      | murphy: lerny
 22506 | Pan      | murphy: and tiamat
 22516 | Pan      | kuniqs: or purgy
 22526 | Pan      | murphy: i have uniques like sojobo, saint roka
 22528 | Pan      | murphy: and nessos
 22562 | Pan      | murphy: robin
 22568 | Pan      | murphy: menkaure
 22594 | Pan      | Found an exit through the horrors of the Abyss.
 22599 | Pan      | murphy: some early game enemies
 22612 | Pan      | Took an exit into the Abyss.
 22612 | Abyss:1  | Escaped into the Abyss
 22612 | Abyss:1  | murphy: but yeah maybe u will get it
 22615 | Abyss:1  | Found a sacrificial altar of Ru.
 22628 | Abyss:1  | BLOAX: early game enemies can be farmed by turbosplatting mifi
 22648 | Abyss:1  | BLOAX: aka pretending to do realtime speedruns ; D
 22713 | Abyss:1  | Reached XP level 25. HP: 238/238 MP: 18/18
 22747 | Abyss:2  | Found a stormy altar of Qazlal.
 22833 | Abyss:3  | Found a corrupted altar of Lugonu.
 22852 | Abyss:4  | Found a corrupted altar of Lugonu.
 23020 | Abyss:4  | Got an abyssal rune of Zot
 23028 | Abyss:4  | Lost mutation: Your mind is acute. (Int +2) [a shining eye]
 23036 | Abyss:4  | Paralysed by accursed screaming for 2 turns
 23047 | Abyss:4  | Paralysed by accursed screaming for 2 turns
 23054 | Abyss:4  | Paralysed by accursed screaming for 2 turns
 23059 | Abyss:4  | BLOAX: summoning satan mass
 23063 | Abyss:4  | Paralysed by accursed screaming for 1 turns
 23065 | Abyss:4  | BLOAX: disgusting
 23089 | Depths:3 | Escaped the Abyss
 23091 | Pan      | Entered Pandemonium
 23108 | Pan      | Found an exit through the horrors of the Abyss.
 23120 | Pan      | Noticed Bator the pandemonium lord
 23122 | Pan      | 4thArraOfDagon: meh
 23126 | Pan      | Paralysed by Bator for 2 turns
 23135 | Pan      | Took an exit into the Abyss.
 23135 | Abyss:1  | Escaped into the Abyss
 23137 | Abyss:1  | BLOAX: surprise panlord rape
 23146 | Abyss:1  | murphy: chaos panlord?
 23176 | Abyss:1  | Got a scorched garnet amulet
 23197 | Depths:3 | Escaped the Abyss
 23199 | Pan      | Entered Pandemonium
 23218 | Pan      | Found an exit through the horrors of the Abyss.
 23219 | Pan      | BLOAX: hey look it's a scroll of +1 AC
 23224 | Pan      | Took an exit into the Abyss.
 23224 | Abyss:1  | Escaped into the Abyss
 23231 | Abyss:1  | Found a corrupted altar of Lugonu.
 23247 | Abyss:2  | Found a burning altar of Makhleb.
 23251 | Abyss:3  | Found a corrupted altar of Lugonu.
 23273 | Abyss:4  | BLOAX: nice stair sequence
 23274 | Depths:3 | Escaped the Abyss
 23276 | Pan      | Entered Pandemonium
 23406 | Pan      | Noticed Yzireem the pandemonium lord
 23431 | Pan      | BLOAX: https://www.youtube.com/watch?v=YMLFvZMqvQQ
 23441 | Pan      | BLOAX: : - )
 23456 | Pan      | murphy: i thought the guardian sperpent would get u
 23494 | Pan      | Found a runed door.
 23498 | Pan      | Found an exit through the horrors of the Abyss.
 23504 | Pan      | Took an exit into the Abyss.
 23504 | Abyss:1  | Escaped into the Abyss
 23538 | Depths:3 | Escaped the Abyss
 23540 | Pan      | Entered Pandemonium
 23601 | Pan      | Found an exit through the horrors of the Abyss.
 23617 | Pan      | Took an exit into the Abyss.
 23617 | Abyss:1  | Escaped into the Abyss
 23666 | Abyss:1  | Identified the amulet of Foolhardiness {+Rage rC- Str+6 Dex+6} (You found it on level 1 of the Abyss)
 23669 | Depths:3 | Escaped the Abyss
 23671 | Pan      | Entered Pandemonium
 23723 | Depths:3 | Escaped Pandemonium
 23728 | Pan      | Entered Pandemonium
 23853 | Pan      | Noticed Vuiciros the pandemonium lord
 23871 | Pan      | Killed Vuiciros the pandemonium lord
 23918 | Depths:3 | Escaped Pandemonium
 23920 | Pan      | Entered the realm of Lom Lobon.
 23920 | Pan      | Entered Pandemonium
 23920 | Pan      | Found an exit through the horrors of the Abyss.
 23938 | Pan      | magipi: yo
 23943 | Pan      | BLOAX: it's time to get popsicle'd
 23959 | Pan      | Lost mutation: Your spells are a little harder to cast, but a little more powerful. [potion of mutation]
 23959 | Pan      | Lost mutation: You often lose your temper in combat. [potion of mutation]
 23959 | Pan      | Lost mutation: Your body sometimes deteriorates upon taking damage. [potion of mutation]
 23959 | Pan      | Gained mutation: You are very agile. (Dex +4) [potion of mutation]
 23986 | Pan      | magipi: hey Bloax, you're not playing the tourney?
 24010 | Pan      | BLOAX: haven't had the interest
 24071 | Pan      | Noticed Lom Lobon
 24104 | Pan      | BLOAX: ANGERY DORF
 24107 | Pan      | Killed Lom Lobon
 24120 | Pan      | Got a magical rune of Zot
 24192 | Pan      | Entered the realm of Gloorx Vloq.
 24408 | Pan      | Noticed Gloorx Vloq
 24426 | Pan      | Killed Gloorx Vloq
 24426 | Pan      | Reached XP level 26. HP: 39/258 MP: 18/18
 24427 | Pan      | BLOAX: that's stronk poison
 24447 | Pan      | Got a dark rune of Zot
 24448 | Pan      | 4thArraOfDagon: back
 24460 | Pan      | BLOAX: welcome back
 24469 | Pan      | BLOAX: don't die : )
 24575 | Pan      | HP: 13/262 [disintegration (19)]
 24608 | Pan      | Gained mutation: You occasionally shout uncontrollably at your foes. [a cacodemon]
 24651 | Pan      | Turgon: Hi, my last char was killed by an orc with a wand of acid
 24670 | Pan      | Turgon: Do you think it's worth playing 0.20?
 24825 | Pan      | BLOAX: i seem to recall arra getting raped by a kobold with a wand of lightning recently
 24828 | Pan      | Found a runed door.
 24829 | Pan      | BLOAX: after finding a nice +3 chainmail of rF on d:1
 24829 | Pan      | Turgon: It's not only early wands
 24852 | Pan      | Found a runed door.
 24860 | Pan      | Reached skill level 10 in Spellcasting
 24861 | Pan      | Turgon: 2h ogres are probably always on D:8
 24874 | Pan      | Turgon: Sometimes D:6
 24890 | Pan      | Turgon: When you go down stairs you can be surrounded by 6 yaks
 24902 | Pan      | Turgon: Or 6 ogres
 24911 | Pan      | Found a runed door.
 24930 | Pan      | Found a runed door.
 24932 | Pan      | Found an exit through the horrors of the Abyss.
 24941 | Pan      | Entered the realm of Cerebov.
 24942 | Pan      | BLOAX: seems like they fixed a lack of such features!
 24981 | Pan      | Found an exit through the horrors of the Abyss.
 24983 | Pan      | Turgon: I liked playing octopodes in 0.19
 25012 | Pan      | Turgon: But I wonder if they have any future
 25028 | Pan      | kuniqs: what was so special with octopodes in 0.19?
 25047 | Pan      | Turgon: The special point is 0.20
 25060 | Pan      | Turgon: Game has become incredible hard
 25062 | Pan      | kuniqs: ah, no /oHasting
 25062 | Pan      | kuniqs: veeery hard
 25062 | Pan      | Turgon: No rMsl - guess what this means when you have 1 AC
 25063 | Pan      | Got a heavily runed bone ring
 25068 | Pan      | Turgon: ans yes, no hasting, no healing wand
 25110 | Pan      | Identified the ring "Acukail" {rF+ Dex+3 SInv Stlth+} (You found it in Pandemonium)
 25111 | Pan      | Turgon: and*
 25137 | Pan      | Turgon: new tomb is another point
 25137 | Pan      | Got a scintillating crystal amulet
 25152 | Pan      | Identified the Guide on Dislocation and Poisoning
 25168 | Pan      | kuniqs: not very hard if you have some consumables to burn
 25171 | Pan      | Got a translucent bronze ring
 25177 | Pan      | BLOAX: what do DD do these days
 25178 | Pan      | Turgon: however, players will do this as rune #15
 25180 | Pan      | Noticed Cerebov
 25181 | Pan      | Turgon: (golden rune)
 25183 | Pan      | Got a fiery rune of Zot
 25185 | Pan      | Turgon: DD have an ability to heal
 25199 | Pan      | Turgon: Is said to be similar to wand before
 25273 | Pan      | Noticed Cerebov
 25306 | Pan      | Identified the ring "Devil" {rC+ SInv Stlth+} (You took it off a balrug in Pandemonium)
 25367 | Pan      | BLOAX: smells like rune vault to me
 25443 | Pan      | Gained mutation: You often lose your temper in combat. [a cacodemon]
 25445 | Pan      | Gravenous: it better be, cuz cerebov seems unwilling to let go
 25496 | Pan      | kuniqs: killhole, now
 25514 | Pan      | Noticed Imun the pandemonium lord
 25515 | Pan      | BLOAX: killhole now and forever
 25540 | Pan      | Killed Imun the pandemonium lord
 25544 | Pan      | BLOAX: best invention from the 0.11 days
 25557 | Pan      | 4thArraOfDagon: ummm
 25557 | Pan      | kuniqs: ummm indeed
 25557 | Pan      | BLOAX: awkward
 25557 | Pan      | Gravenous: go away cerebov you're not needed right now
 25557 | Pan      | kuniqs: Cerebov: no sweets before dinner!
 25561 | Pan      | Gravenous: no runes before fiery death at my sword
 25571 | Pan      | Gravenous: uhh
 25577 | Pan      | Identified the +6 sword of Cerebov {flame}
 25577 | Pan      | Mangled by Cerebov

Skill      XL: |  1  2  3  4  5  6  7  8  9 10 11 12 13 14 15 16 17 18 19 20 21 22 23 24 25 26 |
---------------+-------------------------------------------------------------------------------+-----
Fighting       | 3 5 7 8 9 10 11 12 13 14 15 16 20 21 | 21.0
Axes           | 4 5 7 8 10 12 14 15 17 18 19 20 21 22 23 24 25 26 | 26.1
Armour         | 1 2 3 5 6 8 10 11 12 13 14 15 16 17 18 19 20 | 20.2
Dodging        | 4 6 8 9 11 12 13 14 | 14.0
Invocations    | 2 6 9 11 12 13 14 | 14.5
Evocations     | 1 5 6 9 11 | 11.2
Translocations | 6 7 9 12 15 | 15.5
Spellcasting   | 3 5 7 9 12 | 12.6
Hexes          | 4 5 |  5.9
Air Magic      | 3 5 |  5.1
Stealth        | |  2.4

Action                   |  1- 3 |  4- 6 |  7- 9 | 10-12 | 13-15 | 16-18 | 19-21 | 22-24 | 25-27 || total
-------------------------+-------+-------+-------+-------+-------+-------+-------+-------+-------++-------
Melee: Hand axe          |   118 |    29 |       |       |       |       |       |       |       ||   147
       Battleaxe         |       |   144 |   168 |   239 |   144 |   956 |  1111 |   147 |       ||  2909
       War axe           |       |       |       |   395 |   679 |       |       |       |       ||  1074
       Executioner's axe |       |       |       |       |       |       |    61 |  1456 |   980 ||  2497
Throw: Throwing net      |       |       |       |     1 |       |       |       |       |       ||     1
       Tomahawk          |       |       |       |     1 |       |       |       |       |       ||     1
 Cast: Apportation       |       |       |       |       |       |       |     1 |    27 |     8 ||    36
       Passwall          |       |       |       |       |       |       |       |     4 |     3 ||     7
       Silence           |       |       |       |       |       |       |       |     3 |       ||     3
       Passage of Golubr |       |       |       |       |       |       |       |     2 |     1 ||     3
       Blink             |       |       |       |       |       |       |       |       |     1 ||     1
Invok: Lesser Servant of |       |       |     1 |     8 |    32 |    11 |     2 |     1 |       ||    55
       Greater Servant o |       |       |       |     1 |       |       |     7 |    11 |     2 ||    21
       Minor Destruction |       |       |       |       |       |    15 |       |       |       ||    15
 Abil: Heal Wounds       |     2 |     4 |     3 |    27 |    25 |       |     7 |    13 |     4 ||    85
       Evoke Berserk Rag |       |       |       |    19 |    11 |     3 |     3 |       |       ||    36
       Stop Flying       |       |       |       |       |       |     1 |       |     1 |       ||     2
       Evoke Flight      |       |       |       |       |       |       |     1 |       |       ||     1
Evoke: Wand              |       |       |       |     2 |     2 |       |       |     9 |     7 ||    20
       Box of beasts     |       |       |       |       |       |       |       |       |     2 ||     2
  Use: Potion            |     2 |     1 |     2 |     3 |     8 |     5 |       |    18 |     9 ||    48
       Scroll            |     5 |     4 |     1 |    12 |    21 |     7 |    14 |    37 |     9 ||   110
 Stab: Sleeping          |     5 |       |       |     1 |       |       |       |       |       ||     6
       Distracted        |       |       |       |     4 |    12 |       |     3 |     6 |       ||    25
       Paralysed         |       |       |       |     2 |     3 |       |       |       |       ||     5
       Held in net/web   |       |       |       |     1 |       |       |       |       |       ||     1
       Confused          |       |       |       |       |       |     1 |       |       |       ||     1
       Invisible         |       |       |       |       |       |       |       |       |     4 ||     4
  Eat: Chunk             |       |     3 |     2 |    19 |       |     1 |     3 |     1 |       ||    29
       Fruit             |       |       |     3 |     2 |     8 |     1 |       |     7 |     1 ||    22
       Meat ration       |       |       |       |     2 |     2 |     2 |     2 |     5 |     1 ||    14
       Royal jelly       |       |       |       |     2 |     2 |     1 |     4 |     1 |       ||    10
       Bread ration      |       |       |       |       |     1 |       |       |     1 |     1 ||     3
Armor: Robe              |    13 |       |       |       |       |       |       |       |       ||    13
       Fire dragon scale |     9 |   102 |    79 |   257 |    67 |       |       |       |       ||   514
       Chain mail        |     5 |       |       |    24 |       |       |       |   577 |   301 ||   907
       Skin              |       |       |   127 |       |       |       |       |     1 |       ||   128
       Plate armour      |       |       |       |    36 |   474 |   331 |   157 |       |       ||   998
       Scale mail        |       |       |       |       |       |   157 |       |       |       ||   157
       Swamp dragon scal |       |       |       |       |       |   334 |       |       |       ||   334
       Gold dragon scale |       |       |       |       |       |       |   945 |   574 |   449 ||  1968
Dodge: Dodged            |    72 |   171 |   133 |   430 |   321 |   812 |   791 |  1593 |  1079 ||  5402
       Deflected         |       |       |     1 |    21 |    21 |    41 |    49 |    42 |    23 ||   198
